 Dungeon Crawl Stone Soup version 0.29.1-12-g30fa7ad0bf (webtiles) character file.

Game seed: 14025285273491128709

58 Radix the Digger (level 4, -3/24 HPs)
             Began as a Gargoyle Earth Elementalist on Jan 11, 2023.
             Slain by a water moccasin (7 damage)
             ... on level 3 of the Dungeon.
             The game lasted 00:06:40 (2510 turns).

Radix the Digger (Gargoyle Earth Elementalist)      Turns: 2510, Time: 00:06:40

Health: -3/24      AC:  7    Str: 12    XL:     4   Next: 2%
Magic:  7/8        EV: 11    Int: 17    God:
Gold:   231        SH:  0    Dex: 10    Spells: 4/8 levels left

rFire   . . .      SeeInvis .   q - staff of cold
rCold   + . .      Faith    .   (no shield)
rNeg    + . .      Spirit   .   p - +0 leather armour
rPois   ∞          Reflect  .   (no helmet)
rElec   +          Harm     .   (no cloak)
rCorr   .          Rampage  .   (no gloves)
Will    .....                   s - +0 pair of boots
Stlth   ++........              (no amulet)
HPRegen 0.08/turn               v - +4 ring of slaying
MPRegen 0.11/turn               (no ring)

@: no status effects
A: sickness immunity, AC +3, negative energy resistance 1, electricity
resistance, torment resistance 1, petrification resistance
a: no special abilities


You were on level 3 of the Dungeon.
You visited 1 branch of the dungeon, and saw 4 of its levels.

You collected 231 gold pieces.

Inventory:

Hand Weapons
 d - a +0 dagger
Missiles
 c - 3 boomerangs of dispersal
Armour
 a - a +0 robe
 p - a +0 leather armour (worn)
 s - a +0 pair of boots (worn)
Magical Staves
 q - a staff of cold (weapon)
Jewellery
 f - a ring of fire
 v - a +4 ring of slaying (left hand)
Wands
 k - a wand of paralysis (7)
Scrolls
 i - a scroll of poison {unknown}
 j - 2 scrolls of blinking {unknown}
 l - a scroll of fear {unknown}
 m - a scroll of butterflies {unknown}
 o - a scroll of amnesia {unknown}
 t - a scroll of identify {unknown}
 u - a scroll of immolation {unknown}
 w - a scroll of magic mapping {unknown}
 x - a scroll of summoning {unknown}
Potions
 e - 2 potions of mutation {unknown}
 g - a potion of cancellation {unknown}
 h - 2 potions of curing {unknown}
 n - a potion of degeneration {unknown}
 r - a potion of flight {unknown}


   Skills:
 + Level 0.5 Fighting
 + Level 0.6 Staves
 - Level 1.5 Dodging
 - Level 2.1 Stealth
 + Level 2.9 Spellcasting
 + Level 0.6 Conjurations
 - Level 0.7 Transmutations
 + Level 4.5 Earth Magic


You had 4 spell levels left.
You knew the following spells:

 Your Spells              Type           Power      Damage    Failure   Level
a - Sandblast             Erth           36%        2d10      3%          1
b - Stone Arrow           Conj/Erth      22%        3d8       22%         3

Your spell library contained the following spells:

 Spells                   Type           Power      Damage    Failure   Level
 Passwall                 Tmut/Erth      9%         N/A       12%         2
 Petrify                  Tmut/Erth      11%        N/A       58%         4


Dungeon Overview and Level Annotations

Branches:
Dungeon (4/15)
 Temple: D:4-7

Altars:
Kikubaaqudgha


Innate Abilities, Weirdness & Mutations

You are immune to sickness and miasma.
Your stone body is resilient. (AC +3)
You are immune to poison.
You resist negative energy. (rN+)
You are resistant to electric shocks. (rElec)
You are resistant to unholy torment.
You are immune to petrification.


Message History

Aim: an adder (70% to hit)
The blast of sand hits the adder!
You kill the adder!
The jackal closely misses you.
The water moccasin completely misses you.
The jackal bites you but does no damage.
The water moccasin misses you. The jackal barely misses you.
You have reached level 4!
You feel stronger.
Aiming: Sandblast (safe; 3% risk of failure)
Press: ? - help, Q - select action, (/) - cycle Shift-Dir - straight line, f - jackal
Aim: a jackal (77% to hit)
The blast of sand hits the jackal.
The jackal is lightly wounded.
The water moccasin bites you.
* * * LOW HITPOINT WARNING * * *
The jackal closely misses you. The water moccasin barely misses you.
The jackal closely misses you. The water moccasin barely misses you.
You closely miss the jackal.
The jackal is lightly wounded.
The jackal closely misses you.
The water moccasin bites you but does no damage.
You hit the jackal. Your punch misses the jackal.
The jackal is almost dead.
The jackal bites you but does no damage.
The water moccasin bites you but does no damage.
The jackal bites you but does no damage.
The water moccasin barely misses you. Magic courses through your body.
The jackal bites you.
* * * LOW HITPOINT WARNING * * *
The water moccasin barely misses you.
Aiming: Sandblast (safe; 3% risk of failure)
Press: ? - help, Q - select action, (/) - cycle Shift-Dir - straight line, f/p - jackal
Aim: a jackal (almost dead, 77% to hit)
The blast of sand misses the jackal.
The jackal bites you but does no damage.
The water moccasin closely misses you.
The jackal bites you but does no damage.
The water moccasin bites you!
You die...

#######.# #.# #.#
#.# #.######.##
######.........#
#..............#
#.########.....# #.#
##)#..# ####.#
#.#†.# .....# #.#@S#
###### #.#h.# #.#..#
#.#..# #.#..#
#.#..#### #.......#
###..##.#
##############..##.#


You could see a water moccasin and a jackal.

Vanquished Creatures
  3 adders
  A dart slug (D:1)
  An orc (D:3)
  3 ball pythons
  3 endoplasms
  3 goblins
  4 hobgoblins
  A jackal (D:4)
  2 quokkas (D:2)
  A bat (D:1)
  A frilled lizard (D:3)
  2 kobolds
  2 rats
27 creatures vanquished.

Notes
Turn   | Place    | Note
-------+----------+-------------------------------------------
     0 | D:1      | Radix the Gargoyle Earth Elementalist began the quest for
                  | the Orb.
     0 | D:1      | Reached XP level 1. HP: 10/10 MP: 3/3
     0 | D:1      | Noticed an ice dragon
     0 | D:1      | Noticed an orb of fire
     1 | D:1      | Noticed a large abomination
     3 | D:1      | Noticed an orb of fire
     3 | D:1      | Noticed an ice dragon
     5 | D:1      | Noticed an iron dragon
     6 | D:1      | Noticed an iron dragon
     7 | D:1      | Noticed a golden dragon
     9 | D:1      | Noticed an ice dragon
    11 | D:1      | Noticed an ice dragon
    15 | D:1      | Noticed a tentacled monstrosity
    15 | D:1      | Noticed a shadow dragon
    17 | D:1      | Noticed a tentacled monstrosity
    17 | D:1      | Noticed an ice dragon
    17 | D:1      | Noticed an ice dragon
    19 | D:1      | Noticed a large abomination
    21 | D:1      | Noticed a large abomination
   225 | D:1      | Reached XP level 2. HP: 15/15 MP: 1/5
   360 | D:1      | Reached skill level 4 in Earth Magic
   403 | D:1      | Found a faded altar of an unknown god.
   902 | D:2      | Found an ancient bone altar of Kikubaaqudgha.
  1473 | D:2      | Reached XP level 3. HP: 19/19 MP: 2/7
  1600 | D:2      | Learned a level 3 spell: Stone Arrow
  2496 | D:4      | Noticed a water moccasin
  2506 | D:3      | Reached XP level 4. HP: 7/24 MP: 2/8
  2510 | D:3      | Slain by a water moccasin

Illustrated notes

Levels and vault maps discovered:
D:1:      shiori_arrival_whats_in_store_for_you, layout_rooms,
          chequers_ecumenical_altar_island, amcnicky_mini_corridor_feature
D:2:      layout_loops_corners, basic_altar, kennysheep_decorative_pillar
D:3:      layout_loops_ring, dreamdust_mushroom_princess
D:4:      layout_loops_ring

Skill      XL: |  1  2 |
---------------+-------+-----
Earth Magic    | 4 |  4.5
Fighting       | |  0.5
Staves         | |  0.6
Dodging        | |  1.5
Stealth        | |  2.1
Spellcasting   | |  2.9
Conjurations   | |  0.6
Transmutations | |  0.7

Action                   |  1- 3 |  4- 6 || total
-------------------------+-------+-------++-------
Melee: Dagger            |    12 |       ||    12
       Staff             |    12 |     2 ||    14
 Cast: Sandblast         |    34 |     2 ||    36
  Use: Potion            |       |     1 ||     1
 Stab: Sleeping          |     1 |       ||     1
Armor: Robe              |     2 |       ||     2
       Leather armour    |    19 |     6 ||    25
Dodge: Dodged            |    36 |     8 ||    44
